 Dungeon Crawl Stone Soup version 0.21.1-1-g345015f (webtiles) character file.

2 shakethe the Grave Robber (level 1, 0/13 HPs)
             Began as a Demonspawn Necromancer on Feb 19, 2018.
             Slain by a goblin (1 damage)
             ... on level 1 of the Dungeon.
             The game lasted 00:01:06 (92 turns).

shakethe the Grave Robber (Demonspawn Necromancer)    Turns: 92, Time: 00:01:07

Health: 0/13       AC:  2    Str:  8    XL:     1   Next: 33%
Magic:  1/3        EV: 12    Int: 16    God:
Gold:   0          SH:  0    Dex: 13    Spells: 3/4 levels left

rFire    . . .     SeeInvis .   (no weapon)
rCold    . . .     Gourm    .   (no shield)
rNeg     . . .     Faith    .   a - +0 robe
rPois    .         Spirit   .   (no helmet)
rElec    .         Reflect  .   (no cloak)
rCorr    .         Harm     .   (no gloves)
MR       .....                  (no boots)
Stlth    ++........             (no amulet)
HPRegen  0.04/turn              (no ring)
MPRegen  0.08/turn              (no ring)

@: no status effects
A: no striking features
a: no special abilities


You were on level 1 of the Dungeon.
You were not hungry.

You visited 1 branch of the dungeon, and saw 1 of its levels.

Inventory:

Armour
 a - a +0 robe (worn)
Books
 b - a book of Necromancy
Comestibles
 c - a ration


   Skills:
 + Level 0.3 Fighting
 - Level 1.7 Dodging
 - Level 1.7 Stealth
 + Level 2.0 Spellcasting
 + Level 4.4 Necromancy


You had 3 spell levels left.
You knew the following spells:

 Your Spells              Type           Power        Failure   Level  Hunger
a - Pain                  Necr           ###.         3%          1    #......


Dungeon Overview and Level Annotations

Branches:
Dungeon (1/15)

Altars:


Message History

(m)acro, (M)acro raw, keymap [(k) default, (x) level-map, (t)argeting, (c)onfirm, m(e)nu], (s)ave?
Input macro trigger key: 1 Input macro action: za Created macro '1' => 'za'.
Aim: a kobold, wielding a whip (chance to defeat MR: 85%)
The kobold writhes in agony!
You take 1 damage, and have 12/13 hp.
You now have 2/3 mp.
Aim: a kobold, wielding a whip (heavily wounded, chance to defeat MR: 85%)
The kobold writhes in agony!
You take 1 damage, and have 11/13 hp.
You now have 1/3 mp.
Aim: a kobold, wielding a whip (severely wounded, chance to defeat MR: 85%)
The kobold writhes in agony!
You kill the kobold!
You take 1 damage, and have 10/13 hp.
You now have 0/3 mp.
You don't have enough magic to cast that spell.
You don't have enough magic to cast that spell.
Unknown command.
You don't have enough magic to cast that spell.
You hit the giant cockroach but do no damage.
The giant cockroach bites you but does no damage.
You closely miss the giant cockroach. The giant cockroach barely misses you.
You closely miss the giant cockroach.
The giant cockroach bites you but does no damage.
The giant cockroach barely misses you.
You closely miss the giant cockroach. The giant cockroach closely misses you.
You barely miss the giant cockroach. The giant cockroach bites you.
You take 1 damage, and have 10/13 hp.
You hit the giant cockroach but do no damage.
The giant cockroach bites you but does no damage.
You barely miss the giant cockroach. The giant cockroach bites you.
You take 2 damage, and have 8/13 hp.
You hit the giant cockroach but do no damage.
The giant cockroach bites you. The giant cockroach barely misses you.
You take 1 damage, and have 7/13 hp.
You hit the giant cockroach but do no damage.
The giant cockroach bites you.
You take 1 damage, and have 6/13 hp.
You closely miss the giant cockroach. The giant cockroach bites you.
You take 1 damage, and have 5/13 hp.
The giant cockroach bites you but does no damage.
The giant cockroach bites you but does no damage.
A goblin comes into view. It is wielding a dagger.
The giant cockroach completely misses you.
The goblin shouts!
Aim: a giant cockroach (chance to defeat MR: 85%)
You miscast Pain.
You are very lightly contaminated with residual magic.
Nothing appears to happen.
The giant cockroach misses you.
You now have 1/3 mp.
Aim: a giant cockroach (chance to defeat MR: 85%)
The giant cockroach writhes in agony!
You kill the giant cockroach!
A ball python comes into view.
You take 1 damage, and have 4/13 hp.
You now have 0/3 mp.
Unknown command.
The ball python hisses angrily.
The goblin barely misses you.
Things that are here:
a whip; a kobold corpse
Aim: a goblin, wielding a dagger (chance to defeat MR: 85%)
The goblin writhes in agony!
The goblin hits you but does no damage.
You take 1 damage, and have 4/13 hp.
You now have 0/3 mp.
The goblin barely misses you. The ball python barely misses you. x2
Your magical contamination has completely faded away.
The ball python bites you.
* * * LOW HITPOINT WARNING * * *
The ball python closely misses you.
You take 1 damage, and have 3/13 hp.
The ball python misses you. The ball python closely misses you.
The ball python closely misses you. The ball python grabs you.
The ball python constricts you.
You escape the ball python's grasp.
A rat comes into view.
The ball python misses you. The ball python barely misses you.
Aim: a goblin, wielding a dagger (chance to defeat MR: 85%)
The ball python barely resists.
The ball python closely misses you. The ball python barely misses you.
You take 1 damage, and have 3/13 hp.
You now have 1/3 mp.
Aim: a goblin, wielding a dagger (chance to defeat MR: 85%)
The ball python writhes in agony!
The ball python closely misses you. The ball python barely misses you. x3
You take 1 damage, and have 2/13 hp.
You now have 0/3 mp.
Unknown command.
You don't have enough magic to cast that spell.
You don't have enough magic to cast that spell.
You don't have enough magic to cast that spell.
The ball python closely misses you. The ball python grabs you.
* * * LOW HITPOINT WARNING * * *
The ball python constricts you.
You take 1 damage, and have 1/13 hp.
You escape the ball python's grasp.
Found a stone staircase leading down.
A goblin comes into view.
The goblin shouts!
The ball python closely misses you. The ball python misses you.
The goblin hits you.
You die...

#.<.'.#.>.#.#.. ........
#...#.#...#.#..
.........#####.#####.#..
.......#.............#..
......####.............
###.... #.............
....... #.............
##.>..####.............
#.....@Sg..............
#.....g.#..............
#.?.....#..............
......[..#..............
w....#####.#####....#.
..... ...# ....# ...#
....# ....# #.. ....#
.....


You could see a dart slug (wandering), 2 goblins and a ball python.

Vanquished Creatures
  A giant cockroach (D:1)
  A kobold (D:1)
2 creatures vanquished.

Notes
Turn   | Place    | Note
-------+----------+-------------------------------------------
     0 | D:1      | shakethe the Demonspawn Necromancer began the quest for the Orb.
     0 | D:1      | Reached XP level 1. HP: 13/13 MP: 3/3
    66 | D:1      | HP: 3/13 [ball python (1)]
    86 | D:1      | HP: 1/13 [ball python (1)]
    92 | D:1      | Slain by a goblin

Action                   || total
-------------------------++-------
Melee: Unarmed           ||    10
 Cast: Pain              ||     7
Armor: Robe              ||     6
Dodge: Dodged            ||    26

Vault maps used:
D:1:      minmay_arrival_four_houses

Table legend:
 A = Turns spent in this place as a percentage of turns spent in the entire game.
 B = Non-inter-level travel turns spent in this place as a percentage of non-inter-level travel turns spent in the entire game.
 C = Inter-level travel turns spent in this place as a percentage of turns spent in this place.
 D = Turns resting spent in this place as a percentage of non-inter-level travel turns spent in this place.
 E = Turns spent auto-exploring this place as a percentage of non-inter-level travel turns spent in this place.
 F = Non-inter-level travel turns spent in this place divided by the number of levels of this place that you've seen.
                   A       B       C       D       E      F
               +-------+-------+-------+-------+-------+----------------------
         Total | 100.0 | 100.0 |   0.0 |   0.0 |  13.0 |  92.0
       Dungeon | 100.0 | 100.0 |   0.0 |   0.0 |  13.0 |  92.0
               +-------+-------+-------+-------+-------+----------------------

Table legend:
 A = Kills in this place as a percentage of kills in entire the game.
 B = Kills by you in this place as a percentage of kills by you in the entire game.
 C = Kills by friends in this place as a percentage of kills by friends in the entire game.
 D = Other kills in this place as a percentage of other kills in the entire game.
 E = Experience gained in this place as a percentage of experience gained in the entire game.
 F = Experience gained in this place divided by the number of levels of this place that you have seen.
                   A       B       C       D       E      F
               +-------+-------+-------+-------+-------+----------------------
         Total | 100.0 | 100.0 |   N/A |   N/A | 100.0 |   4.0
       Dungeon | 100.0 | 100.0 |   N/A |   N/A | 100.0 |   4.0
               +-------+-------+-------+-------+-------+----------------------
